 Dungeon Crawl Stone Soup version 0.29.1-13-g9f3cf754e1 (webtiles) character file.

Game seed: 9744269060637453167

7 Dodorex895 the Conjurer (level 2, 0/15 HPs)
             Began as a Tengu Conjurer on Feb 8, 2023.
             Slain by a dart slug (3 damage)
             ... on level 1 of the Dungeon.
             The game lasted 00:01:35 (47 turns).

Dodorex895 the Conjurer (Tengu Conjurer)              Turns: 47, Time: 00:01:36

Health: 0/15       AC:  2    Str:  7    XL:     2   Next: 0%
Magic:  0/6        EV: 12    Int: 18    God:
Gold:   6          SH:  0    Dex: 12    Spells: 4/5 levels left

rFire   . . .      SeeInvis .   c - +0 short sword
rCold   . . .      Faith    .   (no shield)
rNeg    . . .      Spirit   .   a - +0 robe
rPois   .          Reflect  .   (helmet restricted)
rElec   .          Harm     .   (no cloak)
rCorr   .          Rampage  .   (no gloves)
Will    .....                   (boots unavailable)
Stlth   ++........              (no amulet)
HPRegen 0.05/turn               (no ring)
MPRegen 0.10/turn               (no ring)

@: no status effects
A: beak, talons 3
a: no special abilities


You were on level 1 of the Dungeon.
You visited 1 branch of the dungeon, and saw 1 of its levels.

You collected 6 gold pieces.

Inventory:

Hand Weapons
 c - a +0 short sword (weapon)
Armour
 a - a +0 robe (worn)
Potions
 b - a potion of magic


   Skills:
 + Level 0.2 Fighting
 + Level 0.4 Short Blades
 + Level 2.2 Dodging
 + Level 2.1 Stealth
 + Level 2.0 Spellcasting
 + Level 5.4 Conjurations


You had 4 spell levels left.
You knew the following spells:

 Your Spells              Type           Power      Damage    Failure   Level
a - Magic Dart            Conj           84%        1d7       1%          1

Your spell library contained the following spells:

 Spells                   Type           Power      Damage    Failure   Level
 Searing Ray              Conj           42%        2d6       3%          2
 Dazzling Flash           Conj/Hex       22%        N/A       17%         3
 Fulminant Prism          Conj/Hex       5%         3d7       50%         4
 Iskenderun's Mystic Bla  Conj/Tloc      11%        2d4       50%         4


Dungeon Overview and Level Annotations

Branches:
Dungeon (1/15)

Altars:


Innate Abilities, Weirdness & Mutations

You have a beak for a mouth.
You have claws for feet.


Message History

The bat is moderately wounded.
The bat misses you. The bat hits you.
You barely miss the bat.
The bat is moderately wounded.
The bat hits you. The bat misses you.
An endoplasm and a frilled lizard come into view.
The bat hits you but does no damage. The bat closely misses you.
You hit the bat.
You kill the bat!
A kobold comes into view. It is wielding a +0 dagger.
You see here a bat corpse.
Aiming: Magic Dart (safe; 1% risk of failure)
Press: ? - help, Q - select action Shift-Dir - straight line, f - endoplasm
Aim: an endoplasm (asleep, 100% to hit)
The magic dart hits the endoplasm.
The endoplasm is almost dead.
The endoplasm quivers.
The frilled lizard hisses angrily.
Aiming: Magic Dart (safe; 1% risk of failure)
Press: ? - help, Q - select action Shift-Dir - straight line, f - frilled lizard, p - endoplasm
Aim: a frilled lizard (100% to hit)
The magic dart hits the frilled lizard.
You kill the frilled lizard!
The endoplasm barely misses you.
You hit the endoplasm.
You kill the endoplasm!
You have reached level 2!
You hit the kobold but do no damage. Your kick misses the kobold.
The kobold hits you with a +0 dagger.
You closely miss the kobold. The kobold barely misses you.
You hit the kobold but do no damage. Your kick misses the kobold.
The kobold closely misses you.
You hit the kobold but do no damage. The dart slug bites you.
The kobold hits you with a +0 dagger.
* * * LOW HITPOINT WARNING * * *
You hit the kobold. You claw the kobold.
You kill the kobold!
The dart slug bites you.
You die...

#....#.###......#....#
#........†.....)######
######...........♣
#....##.#......♣
#..#.##....#....#
#......[##......#
#.##.##.#####.#.# ##
#..w†.# #.#.#
+.....##@.# .#..
#.###...).# #.##†...
#.....#...
###.........
.......... #.........
..........


You could see a dart slug.

Vanquished Creatures
  A ball python (D:1)
  An endoplasm (D:1)
  A goblin (D:1)
  2 kobolds (D:1)
  A bat (D:1)
  A frilled lizard (D:1)
7 creatures vanquished.

Notes
Turn   | Place    | Note
-------+----------+-------------------------------------------
     0 | D:1      | Dodorex895 the Tengu Conjurer began the quest for the Orb.
     0 | D:1      | Reached XP level 1. HP: 10/10 MP: 4/4
    43 | D:1      | Reached XP level 2. HP: 9/15 MP: 0/6
    47 | D:1      | Slain by a dart slug

Illustrated notes

Levels and vault maps discovered:
D:1:      sevenhm_arrival_forest_fort_small_6, layout_basic,
          shapermc_ecumenical_altar_mp_highgroup

Action                   || total
-------------------------++-------
Melee: Short sword       ||    12
       Kick              ||     1
 Cast: Magic Dart        ||     7
Armor: Robe              ||     1
Dodge: Dodged            ||    13
